 Dungeon Crawl Stone Soup version 0.20-a0-540-ge6d1839 (webtiles) character file.

2015 tsouns the Magician (level 9, -7/51 HPs)
             Began as a Deep Elf Air Elementalist on Jan 29, 2017.
             Was a Follower of Vehumet.
             Mangled by a two-headed ogre
             ... wielding a +0 giant club
              (16 damage)
             ... on level 6 of the Dungeon.
             The game lasted 00:26:58 (5565 turns).

tsouns the Magician (Deep Elf Air Elementalist)     Turns: 5565, Time: 00:26:58

Health: -7/51      AC:  4    Str:  5    XL:     9   Next: 2%
Magic:  1/22       EV: 15    Int: 24    God:    Vehumet [*.....]
Gold:   154        SH:  0    Dex: 15    Spells: 5/23 levels left

rFire    . . .     SeeInvis +   n - +0 rapier (curse)
rCold    . . .     Gourm    .   a - +0 robe
rNeg     . . .     Faith    .   (no shield)
rPois    .         Spirit   .   e - +0 helmet
rElec    .         Reflect  .   (no cloak)
rCorr    +         Harm     .   o - +0 pair of gloves
MR       .....                  (no boots)
Stlth    +++.......             (no amulet)
Regen    0.2/turn               y - ring of resist corrosion
                                k - ring of see invisible

@: very slightly contaminated, repel missiles
A: no striking features
a: Renounce Religion


You were on level 6 of the Dungeon.
You worshipped Vehumet.
Vehumet was aware of your devotion.
You were not hungry.

You visited 2 branches of the dungeon, and saw 8 of its levels.

You collected 274 gold pieces.
You spent 120 gold pieces at shops.

Inventory:

Hand Weapons
 i - a +1 dagger
 j - a +2 hunting sling of freezing
 n - a cursed +0 rapier (weapon)
 t - a +0 blowgun
 A - a +1 trident of flaming
Missiles
 m - 3 tomahawks (quivered)
 p - 34 sling bullets
 u - 5 poisoned needles
Armour
 a - a +0 robe (worn)
 e - a +0 helmet (worn)
 o - a +0 pair of gloves (worn)
 B - the +9 plate armour of Darkness {Dex+6 Slay-4, unknown}
   (You took it off an orc priest on level 6 of the Dungeon)

   It affects your dexterity (+6).
   It affects your accuracy and damage with ranged weapons and melee attacks
   (-4).
Jewellery
 k - a ring of see invisible (left hand)
 y - a ring of resist corrosion (right hand)
Wands
 q - a wand of iceblast (1/15)
Scrolls
 f - a scroll of recharging
 s - 3 scrolls of fog
 v - 2 scrolls of immolation
Potions
 b - a potion of lignification {unknown}
 d - a potion of berserk rage {unknown}
 g - a potion of agility
 l - a potion of mutation {unknown}
 x - a potion of curing
 z - 2 potions of haste {unknown}
Books
 w - a book of Minor Magic

   Spells                             Type                      Level
   a - Magic Dart                     Conjuration                  1
   b - Blink                          Translocation                2
   c - Call Imp                       Summoning                    2
   d - Repel Missiles                 Charms/Air                   2
   e - Slow                           Hexes                        2
   f - Conjure Flame                  Conjuration/Fire             3
   g - Mephitic Cloud                 Conjuration/Poison/Air       3
Comestibles
 c - 2 bread rations
 h - a meat ration


   Skills:
 + Level 3.3 Fighting
 - Level 5.0 Dodging
 - Level 4.8 Stealth
 + Level 7.6 Spellcasting
 + Level 5.6 Conjurations
 + Level 3.4 Summonings
 + Level 6.1 Air Magic


You had 5 spell levels left.
You knew the following spells:

 Your Spells              Type           Power        Failure   Level  Hunger
a - Shock                 Conj/Air       ####         1%          1    None
b - Repel Missiles        Chrm/Air       ###...       3%          2    None
c - Swiftness             Chrm/Air       ###.....     3%          2    None
d - Static Discharge      Conj/Air       #####...     1%          3    None
e - Lightning Bolt        Conj/Air       #####.....   21%         5    #####..
f - Mephitic Cloud        Conj/Pois/Air  ####....     4%          3    None
g - Call Imp              Summ           ####....     2%          2    None


Dungeon Overview and Level Annotations

Branches:
Dungeon (7/15)             Temple (1/1) D:5

Altars:
Ashenzari
Cheibriados
Dithmenos
Elyvilon
Fedhas
Gozag
Hepliaklqana
Kikubaaqudgha
Makhleb
Nemelex Xobeh
Okawaru
Qazlal
Ru
Sif Muna
Trog
Uskayaw
Vehumet
Xom
Yredelemnul
Zin
The Shining One

Shops:
D:4 !   D:6 }*

Annotations:
D:6 Menkaure, Pikel


Message History

The two-headed ogre is engulfed in noxious fumes.
The two-headed ogre is engulfed in noxious fumes.
Evoke which item? (* to show all) (? for menu, Esc to quit)
Aiming: Iceblast (will waste charges)
Press: ? - help, Shift-Dir - straight line, f/p - two-headed ogre
Aim: a two-headed ogre, wielding two giant clubs (severely wounded)
The mass of ice explodes!
The iceblast engulfs the two-headed ogre.
The two-headed ogre is almost dead.
Evoking this partially-identified wand wasted a few charges.
Casting: Shock
Confirm with . or Enter, or press ? or * to list all spells.
Aiming: Shock
Press: ? - help, Shift-Dir - straight line, p - two-headed ogre The zap hits the two-headed ogre.
The two-headed ogre is almost dead.
The zap hits the two-headed ogre.
The two-headed ogre is almost dead.
The two-headed ogre hits you with a giant club!
You die...

######## #.# #.#.###
#.# #.#...# ##.#
#.###.#
§§§§§§§§§#..###.# #.#
§§§§§§§§§#....#.# #.#
§§§§§§§§§####.#.# #.#
§§§8§§§§§# #.#.# #.#
§§###§§§§####.#O###.#
§§#_#§§§§#......@.(.#
§§#.#§§§§###..#####(#
§§#)#§§§§##...# #.#
§§#.#§§§§##..## #.#
###.#######..# #.#
##...# #..######.#
.....# #..##.....#
###### #..##.###.#
### #..##.# #.#


You could see a two-headed ogre.

Vanquished Creatures
  A hornet (D:7)
  Sigmund (D:5)
  The ghost of Rhoefr the Sneak, an amateur VSAs (D:3)
  Duvessa (D:7)
  An orc warrior (D:6)
  A slave (D:6)
  2 sky beasts
  A phantom (D:6)
  A centaur (D:6)
  A bullfrog (D:6)
  A gnoll sergeant (D:6)
  Dowan (D:7)
  2 scorpions
  2 crimson imps (D:5)
  A quasit (D:6)
  2 hounds
  2 jellies
  2 orc priests (D:6)
  Jessica (D:3)
  2 iguanas
  An orc wizard (D:6)
  2 worker ants
  3 hound skeletons (D:6)
  A hound zombie (D:5)
  A howler monkey zombie (D:7)
  A howler monkey skeleton (D:4)
  13 adders
  3 gnolls (D:3)
  A shadow imp (D:5)
  An adder zombie (D:5)
  5 worms
  A dart slug (D:1)
  2 leopard geckos (D:2)
  9 orcs
  12 bats
  8 giant cockroaches
  3 goblins
  6 hobgoblins
  10 jackals
  10 kobolds
  3 quokkas
  A ball python (D:2)
  4 frilled lizards
  A leopard gecko zombie (D:6)
  A quokka zombie (D:5)
  6 rats
136 creatures vanquished.

Vanquished Creatures (collateral kills)
  A quokka (D:6)
1 creature vanquished.

Grand Total: 137 creatures vanquished

Notes
Turn   | Place    | Note
-------+----------+-------------------------------------------
     0 | D:1      | tsouns the Deep Elf Air Elementalist began the quest for the Orb.
     0 | D:1      | Reached XP level 1. HP: 10/10 MP: 6/6
   185 | D:1      | Reached XP level 2. HP: 15/15 MP: 4/8
   189 | D:1      | Learned a level 2 spell: Repel Missiles
   199 | D:1      | Learned a level 2 spell: Swiftness
   773 | D:2      | Reached XP level 3. HP: 19/19 MP: 2/9
  1326 | D:2      | Reached XP level 4. HP: 24/24 MP: 6/11
  1482 | D:3      | Reached skill level 4 in Spellcasting
  1741 | D:3      | Noticed Rhoefr's ghost (amateur VSAs)
  1756 | D:3      | Killed Rhoefr's ghost
  1756 | D:3      | Reached XP level 5. HP: 28/28 MP: 1/13
  1863 | D:3      | Learned a level 3 spell: Static Discharge
  1869 | D:3      | Learned a level 5 spell: Lightning Bolt
  1963 | D:3      | Noticed Jessica
  1978 | D:3      | Killed Jessica
  2077 | D:3      | Reached XP level 6. HP: 32/32 MP: 6/15
  2228 | D:3      | Reached skill level 5 in Spellcasting
  2609 | D:4      | Found Xeotib's Distillery.
  2635 | D:4      | Bought a potion of heal wounds for 60 gold pieces
  2635 | D:4      | Bought a potion of degeneration for 12 gold pieces
  2635 | D:4      | Bought a potion of might for 48 gold pieces
  2704 | D:4      | Found a glowing golden altar of the Shining One.
  2985 | D:4      | Reached skill level 1 in Fighting
  3215 | D:5      | Entered Level 5 of the Dungeon
  3301 | D:5      | Noticed Sigmund
  3383 | D:5      | Killed Sigmund
  3383 | D:5      | Reached XP level 7. HP: 36/38 MP: 15/17
  3398 | D:5      | Found a staircase to the Ecumenical Temple.
  3420 | Temple   | Entered the Ecumenical Temple
  3526 | Temple   | Became a worshipper of Vehumet
  3559 | D:5      | Reached skill level 6 in Spellcasting
  3589 | D:5      | Reached skill level 5 in Air Magic
  3839 | D:5      | Learned a level 3 spell: Mephitic Cloud
  3842 | D:5      | Learned a level 2 spell: Call Imp
  4090 | D:6      | Found Didonog's Assorted Antiques.
  4109 | D:6      | Reached skill level 1 in Summonings
  4254 | D:6      | Reached XP level 8. HP: 44/44 MP: 10/19
  4647 | D:6      | Got a bloodstained plate armour
  4683 | D:6      | Reached * piety under Vehumet
  4683 | D:6      | Offered knowledge of Sandblast by Vehumet.
  4697 | D:6      | Reached skill level 5 in Dodging
  4700 | D:6      | Found Betuar's Gadget Emporium.
  4786 | D:6      | Noticed Menkaure
  4833 | D:6      | Noticed Pikel
  5107 | D:6      | Found a stormy altar of Qazlal.
  5199 | D:6      | Reached skill level 7 in Spellcasting
  5199 | D:6      | Reached skill level 5 in Conjurations
  5372 | D:7      | Noticed Duvessa
  5377 | D:7      | Noticed Dowan
  5377 | D:7      | Noticed a hornet
  5385 | D:7      | Killed Duvessa
  5387 | D:7      | Killed Dowan
  5396 | D:7      | Killed a hornet
  5396 | D:7      | Reached XP level 9. HP: 48/51 MP: 0/22
  5416 | D:7      | Noticed a two-headed ogre
  5565 | D:6      | Mangled by a two-headed ogre

Vault maps used:
D:1:      dpeg_arrival_oval, minmay_tripent
D:3:      serial_park_tiny_1, uniq_jessica
D:4:      kennysheep_little_box, first_bread, serial_shops, shop
D:5:      temple_pool_b, uniq_sigmund
D:6:      serial_shops, nicolae_shop_overgrown_old_shop, shop,
          kennysheep_mini_moat, shop_fountains, hangedman_decor_growths,
          nicolae_qazlal_eye_of_the_storm, uniq_pikel, uniq_menkaure
D:7:      uniq_duvessa
Temple:   regret_index_temple_chain_breaker

Skill      XL: |  1  2  3  4  5  6  7  8 |
---------------+-------------------------+-----
Stealth        | 3 4 |  4.8
Conjurations   | 2 3 4 5 |  5.6
Spellcasting   | 4 5 6 7 |  7.6
Air Magic      | 4 5 6 |  6.1
Fighting       | 1 2 3 |  3.3
Dodging        | 3 4 5 |  5.0
Summonings     | 1 3 |  3.4

Action                   |  1- 3 |  4- 6 |  7- 9 || total
-------------------------+-------+-------+-------++-------
Melee: Unarmed           |    10 |       |       ||    10
       Dagger            |     2 |    12 |       ||    14
       Rapier            |       |       |    34 ||    34
Throw: Tomahawk          |       |       |     3 ||     3
 Cast: Shock             |    85 |   136 |   168 ||   389
       Repel Missiles    |     2 |       |     1 ||     3
       Static Discharge  |       |     4 |     1 ||     5
       Mephitic Cloud    |       |       |    12 ||    12
       Call Imp          |       |       |     6 ||     6
Evoke: Wand              |       |       |     6 ||     6
  Use: Scroll            |       |    10 |     3 ||    13
       Potion            |       |     2 |     7 ||     9
 Stab: Sleeping          |     1 |     4 |       ||     5
  Eat: Chunk             |     1 |     5 |     2 ||     8
       Royal jelly       |       |     1 |       ||     1
       Bread ration      |       |       |     1 ||     1
Armor: Robe              |     4 |     6 |    14 ||    24
Dodge: Dodged            |    17 |    34 |    41 ||    92
       Deflected         |     1 |     1 |     2 ||     4
